 Dungeon Crawl Stone Soup version 0.31-a0-1616-gbeaec30b81 (webtiles) character file.

Game seed: 11829105680208879935

2676 shadizar the Spear-Bearer (level 9, -4/68 HPs)
             Began as a Gnoll Wanderer on Jan 10, 2024.
             Was an Initiate of Okawaru.
             Slain by a hornet (6 damage)
             ... on level 7 of the Dungeon.
             The game lasted 00:12:21 (6205 turns).

shadizar the Spear-Bearer (Gnoll Wanderer)          Turns: 6205, Time: 00:12:21

Health: -4/68      AC: 12    Str: 14      XL:     9   Next: 64%
Magic:  0/17       EV: 10    Int: 12      God:    Okawaru [......]
Gold:   293        SH:  0    Dex: 10 (13) Spells: 18/18 levels left

rFire   + . .        b - +2 whip (elec)
rCold   . . .        (no shield)
rNeg    . . .        j - +1 scale mail {rF+}
rPois   .            n - +1 helmet
rElec   .            (no cloak)
rCorr   .            m - +0 pair of gloves
SInv    .            (no boots)
Will    .....        u - amulet of guardian spirit
Stlth   +            (no ring)
HPRegen 0.31/turn    (no ring)
MPRegen 0.15/turn

%: guardian spirit
@: lethally poisoned (-4 -> -20), hasted and slowed
A: fangs 1, strong nose, distributed training
a: Renounce Religion


You were on level 7 of the Dungeon.
You worshipped Okawaru.
Okawaru was noncommittal.
You visited 2 branches of the dungeon, and saw 8 of its levels.

You collected 293 gold pieces.

Inventory:

Hand Weapons
 a - a +3 heavy spear
 b - a +2 whip of electrocution (weapon)
 e - the +1 mace "Dayfeg" {drain, Dex+4}
   (You found it on level 6 of the Dungeon)

   Dex+4:     It affects your dexterity (+4).
Armour
 h - a +0 plate armour
 j - a +1 scale mail of fire resistance (worn)
 m - a +0 pair of gloves (worn)
 n - a +1 helmet (worn)
 p - a +2 leather armour of willpower
Jewellery
 u - an amulet of guardian spirit (around neck)
Wands
 c - a wand of polymorph (16)
 g - a wand of flame (18)
Scrolls
 i - 3 scrolls of teleportation
 w - a scroll of brand weapon
Potions
 f - a potion of ambrosia {unknown}
 l - a potion of mutation {unknown}
 r - 5 potions of curing
 t - a potion of invisibility {unknown}
 v - a potion of brilliance {unknown}
 x - 2 potions of cancellation {unknown}


   Skills:
 + Level 5.3 Fighting
 + Level 4.6 Short Blades
 + Level 4.6 Long Blades
 + Level 4.6 Axes
 + Level 4.6 Maces & Flails
 + Level 9.7 Polearms
 + Level 4.6 Staves
 + Level 4.6 Ranged Weapons
 + Level 4.6 Throwing
 + Level 8.1 Armour
 + Level 4.6 Dodging
 + Level 4.6 Stealth
 + Level 4.6 Shields
 + Level 4.6 Unarmed Combat
 + Level 5.4 Spellcasting
 + Level 3.8 Conjurations
 + Level 3.8 Hexes
 + Level 3.8 Summonings
 + Level 3.8 Necromancy
 + Level 3.8 Translocations
 + Level 3.8 Fire Magic
 + Level 3.8 Ice Magic
 + Level 3.8 Air Magic
 + Level 3.8 Earth Magic
 + Level 4.4 Alchemy
 + Level 5.1 Invocations
 + Level 4.6 Evocations
 + Level 4.2 Shapeshifting


You had 18 spell levels left.
You didn't know any spells.
Your spell library contained the following spells:

 Spells                   Type           Power      Damage    Failure   Level
 Cigotuvi's Dreadful Rot  Necr/Alch/Air  24%        N/A       19%         2
 Mercury Vapours          Alch/Air       26%        N/A       19%         2


Dungeon Overview and Level Annotations

Branches:
Dungeon (7/15)             Temple (1/1) D:5

Altars:
Ashenzari
Cheibriados
Dithmenos
Elyvilon
Fedhas
Gozag
Hepliaklqana
Kikubaaqudgha
Makhleb
Nemelex Xobeh
Okawaru
Ru
Sif Muna
Trog
Uskayaw
Vehumet
Wu Jian
Xom
Yredelemnul
Zin
The Shining One

Shops:
D:2 [   D:4 (

Annotations:
D:4 2 transporters, shadizar's ghost, amateur GnWn


Innate Abilities, Weirdness & Mutations

You have very sharp teeth.
Your uncanny sense of smell can sniff out nearby items.
Your experience applies equally to all skills.


Message History

You feel as though you will be slow longer.
Unknown command.
Unknown command.
Unknown command.
Unknown command.
Unknown command.
You closely miss the hornet.
The hornet is severely wounded.
You feel very sick. The hornet stings you.
* * * LOW HITPOINT WARNING * * *
You are lethally poisoned!
You feel as though you will be slow longer.
The hornet misses you.
The hornet stings you but does no damage.
Unknown command.
Unknown command.
Unknown command.
Unknown command.
Unknown command.
Unknown command.
You barely miss the hornet. Your punch misses the hornet.
The hornet is heavily wounded.
* * * LOW HITPOINT WARNING * * *
You feel very sick. The hornet stings you.
* * * LOW HITPOINT WARNING * * *
You are more poisoned.
You feel as though you will be slow longer.
The hornet stings you.
You feel as though you will be slow longer.
Unknown command.
Unknown command.
Unknown command.
Unknown command.
You feel yourself speed up.
* * * LOW HITPOINT WARNING * * *
You feel extremely sick. The hornet stings you!
You die...

#..####.#
#.......#
##.###### #.#
#.# #.# #.#
###.######
#...@?...#
#....y...#
#........#
........|.#
[.##........$.
. #........###
#........#
#........#


You could see a hornet.

Vanquished Creatures
  Pikel (D:3)
  Prince Ribbit (D:5)
  Grinder (D:5)
  Eustachio (D:6)
  2 steam dragons (D:6)
  A water moccasin (D:5)
  Duvessa (D:5)
  2 black bears
  3 ice beasts
  An ogre (D:4)
  A centaur (D:6)
  3 lemures (D:3)
  Blork the orc (D:4)
  Dowan (D:5)
  2 howler monkeys
  An orc priest (D:5)
  5 hounds
  Ijyb (D:4)
  An iguana (D:6)
  10 adders
  A white imp (D:6)
  4 ufetubi (D:6)
  2 ribbon worms (D:2)
  3 dart slugs
  10 orcs
  5 ball pythons
  5 bats
  9 endoplasms
  4 giant cockroaches
  5 goblins
  4 hobgoblins
  3 jackals (D:3)
  8 kobolds
  5 quokkas
  5 frilled lizards
  4 rats
117 creatures vanquished.

Notes
Turn   | Place    | Note
-------+----------+-------------------------------------------
     0 | D:1      | shadizar the Gnoll Wanderer began the quest for the Orb.
     0 | D:1      | shadizar set off with the following items: a +2 spear, a +0
                  | scale mail, a potion of haste; and the following spells
                  | available to memorise: Mercury Vapours, Cigotuvi's Dreadful
                  | Rot.
     0 | D:1      | Reached XP level 1. HP: 17/17 MP: 4/4
    77 | D:1      | Reached XP level 2. HP: 23/23 MP: 5/5
   335 | D:1      | Reached XP level 3. HP: 28/28 MP: 7/7
   767 | D:2      | Reached skill level 1 in Invocations
   788 | D:2      | Found Xacuasm's Antique Armour Shop.
   812 | D:2      | Reached skill level 1 in Short Blades
   812 | D:2      | Reached skill level 1 in Long Blades
   812 | D:2      | Reached skill level 1 in Axes
   812 | D:2      | Reached skill level 1 in Maces & Flails
   812 | D:2      | Reached skill level 1 in Staves
   812 | D:2      | Reached skill level 1 in Ranged Weapons
   812 | D:2      | Reached skill level 1 in Throwing
   812 | D:2      | Reached skill level 1 in Dodging
   812 | D:2      | Reached skill level 1 in Stealth
   812 | D:2      | Reached skill level 1 in Shields
   812 | D:2      | Reached skill level 1 in Unarmed Combat
   812 | D:2      | Reached skill level 1 in Evocations
  1039 | D:2      | Reached skill level 1 in Shapeshifting
  1039 | D:2      | Reached XP level 4. HP: 32/34 MP: 8/8
  1339 | D:2      | Reached skill level 1 in Conjurations
  1339 | D:2      | Reached skill level 1 in Hexes
  1339 | D:2      | Reached skill level 1 in Summonings
  1339 | D:2      | Reached skill level 1 in Necromancy
  1339 | D:2      | Reached skill level 1 in Translocations
  1339 | D:2      | Reached skill level 1 in Fire Magic
  1339 | D:2      | Reached skill level 1 in Ice Magic
  1339 | D:2      | Reached skill level 1 in Air Magic
  1339 | D:2      | Reached skill level 1 in Earth Magic
  1431 | D:2      | Found a faded altar of an unknown god.
  2163 | D:4      | Reached XP level 5. HP: 38/41 MP: 9/9
  2227 | D:4      | Noticed Pikel
  2231 | D:4      | Noticed a lemure
  2430 | D:4      | Noticed a lemure
  2430 | D:4      | Noticed a lemure
  2440 | D:3      | Killed a lemure
  2442 | D:4      | Noticed a lemure
  2456 | D:3      | Killed a lemure
  2468 | D:3      | Killed a lemure
  2549 | D:3      | Killed Pikel
  2550 | D:3      | Reached skill level 9 in Polearms
  2550 | D:3      | Reached XP level 6. HP: 23/48 MP: 1/11
  2550 | D:3      | Reached XP level 7. HP: 26/53 MP: 1/12
  2674 | D:4      | Found a transporter.
  2674 | D:4      | Found a transporter.
  2750 | D:4      | Noticed shadizar's ghost (amateur GnWn)
  2873 | D:4      | Found Pufuidd's Antique Weapon Emporium.
  2893 | D:4      | You fall into a shaft and drop 2 floors!
  2930 | D:6      | Identified the +1 mace "Dayfeg" {drain, Dex+4}
  2940 | D:6      | Reached XP level 8. HP: 50/60 MP: 10/14
  3062 | D:5      | Entered Level 5 of the Dungeon
  3134 | D:4      | Noticed Blork the orc
  3146 | D:4      | Killed Blork the orc
  3470 | D:4      | Noticed Ijyb
  3525 | D:4      | Killed Ijyb
  3875 | D:5      | Found a radiant altar of Vehumet.
  3916 | D:5      | Noticed Dowan
  3916 | D:5      | Noticed Prince Ribbit
  3917 | D:5      | Noticed Duvessa
  3928 | D:5      | Killed Prince Ribbit
  3943 | D:5      | Killed Duvessa
  3975 | D:5      | Killed Dowan
  4123 | D:5      | Found an ancient bone altar of Kikubaaqudgha.
  4202 | D:5      | Reached XP level 9. HP: 58/66 MP: 12/16
  4344 | D:5      | Noticed Grinder
  4357 | D:5      | Paralysed by Grinder for 2 turns
  4360 | D:5      | Killed Grinder
  4361 | D:5      | Reached skill level 5 in Spellcasting
  4423 | D:5      | Found a staircase to the Ecumenical Temple.
  4434 | D:5      | Reached skill level 5 in Fighting
  4440 | Temple   | Entered the Ecumenical Temple
  4446 | Temple   | Became a worshipper of Warmaster Okawaru
  5823 | D:6      | Reached skill level 5 in Invocations
  5832 | D:6      | Noticed Eustachio
  5854 | D:6      | Killed Eustachio
  6190 | D:7      | Noticed a hornet
  6205 | D:7      | HP: 2/68 [poisoned by a hornet]
  6205 | D:7      | Slain by a hornet

Illustrated notes

Levels and vault maps discovered:
D:1:      onia_arrival_pentagram, layout_basic, st_stairs_7,
          roderic_malta_cross, minmay_misc_feat_enclosed, minmay_lizard_pond
D:2:      layout_rooms, serial_shops, shop,
          shapermc_ecumenical_altar_mp_urbaneastern,
          kennysheep_cross_bottleneck, chequers_mini_garden, st_stairs_9,
          kennysheep_path_1, minmay_misc_feat_chi, minmay_pentomino_u4
D:3:      layout_loops_cross
D:4:      layout_basic, serial_shops, nicolae_take_the_stairs,
          gammafunk_ghost_gnarly_gnolls, uniq_ijyb, uniq_pikel,
          uniq_blork_the_orc
D:5:      layout_basic, mainiacjoe_overflow_big_doors,
          minmay_temple_entry_poolview, serial_library_hellmonk_room_a,
          uniq_duvessa, uniq_prince_ribbit1, uniq_grinder
D:6:      layout_basic, minmay_stone_trees_small, uniq_eustachio
D:7:      layout_loops_corners, enter_bailey_4
Temple:   hellmonk_temple_of_storms

Skill      XL: |  1  2  3  4  5  6  7  8  9 |
---------------+----------------------------+-----
Alchemy        | 2 3 4 |  4.4
Invocations    | 1 2 3 4 5 |  5.1
Short Blades   | 1 2 3 4 |  4.6
Long Blades    | 1 2 3 4 |  4.6
Axes           | 1 2 3 4 |  4.6
Maces & Flails | 1 2 3 4 |  4.6
Staves         | 1 2 3 4 |  4.6
Ranged Weapons | 1 2 3 4 |  4.6
Throwing       | 1 2 3 4 |  4.6
Dodging        | 1 2 3 4 |  4.6
Stealth        | 1 2 3 4 |  4.6
Shields        | 1 2 3 4 |  4.6
Unarmed Combat | 1 2 3 4 |  4.6
Evocations     | 1 2 3 4 |  4.6
Spellcasting   | 3 4 5 |  5.4
Shapeshifting  | 1 2 3 4 |  4.2
Conjurations   | 1 2 3 |  3.8
Hexes          | 1 2 3 |  3.8
Summonings     | 1 2 3 |  3.8
Necromancy     | 1 2 3 |  3.8
Translocations | 1 2 3 |  3.8
Fire Magic     | 1 2 3 |  3.8
Ice Magic      | 1 2 3 |  3.8
Air Magic      | 1 2 3 |  3.8
Earth Magic    | 1 2 3 |  3.8
Fighting       | 3 4 5 |  5.3
Polearms       | 9 |  9.7
Armour         | 7 8 |  8.1

Action                     |  1- 3 |  4- 6 |  7- 9 || total
---------------------------+-------+-------+-------++-------
  Melee: Spear             |   115 |   119 |    11 ||   245
         Bite              |     3 |    12 |    36 ||    51
         Punch             |     1 |     1 |    11 ||    13
         Whip              |       |       |   323 ||   323
         Unarmed           |       |       |    47 ||    47
    Use: Scroll            |       |     8 |     5 ||    13
         Potion            |       |     3 |     3 ||     6
 Armour: Scale mail        |    19 |       |    16 ||    35
         Plate armour      |    27 |    74 |   414 ||   515
         Skin              |       |       |    18 ||    18
  Dodge: Dodged            |    11 |    21 |   127 ||   159

Table legend: (Time is in decaauts)
 A = Elapsed time spent in this place.
 B = Non-inter-level travel time spent in this place.
 C = Inter-level travel time spent in this place.
 D = Time resting spent in this place.
 E = Time spent auto-exploring this place.
 F = Levels seen in this place.
 G = Mean time per level.
                   A        B        C        D        E       F      G
               +--------+--------+--------+--------+--------+-----+--------+
         Total |   6082 |   5792 |    290 |      0 |   4371 |   8 |  760.2 |
       Dungeon |   6070 |   5780 |    290 |      0 |   4371 |   7 |  867.1 |
        Temple |     12 |     12 |      0 |      0 |      0 |   1 |   12.0 |
               +--------+--------+--------+--------+--------+-----+--------+

Top non-repeatable levels by time:
     D:6: 1453 daAuts
     D:5: 1187 daAuts
     D:3: 1032 daAuts
     D:4: 919 daAuts
     D:2: 748 daAuts
     D:1: 687 daAuts
     D:7: 41 daAuts
  Temple: 12 daAuts
